AoeStats
← PilgrimSoul

Arabia

503145794Analyzed
3v3 RM · 1mo ago on Aug 30, 2026· 56m 52s· 6 players
Game mode
Random Map
Map size
Normal (6 player)
Population
200
Speed
Normal
Resources
Standard
Victory
Conquest
Starting age
Dark Age
Ending age
Imperial Age
RankedLock teamsTeams togetherTeam positionsShared explorationLock speedFull tech treeHidden civsTurbo modeCheats
Victory
Defeat
🇨🇴 Khitans · Colombia
1022
+17
🇦🇷 Magyars · Argentina
996
+18
🇦🇷 Spanish · Argentina
996
+18
🇬🇧 Huns · United Kingdom
1084
-20
1029
-17
🇮🇹 Ethiopians · Italy
1024
-17
N41MaD
6:26 Loom
9:39 Feudal Age
10:16 Double-Bit Axe
14:03 Scale Barding Armor
14:31 Town Watch
18:51 Horse Collar
22:10 Castle Age
20:31 Gold Mining
21:29 Fletching
22:49 Bloodlines
23:51 Thumb Ring
24:05 Bow Saw
26:34 Bodkin Arrow
28:06 Pikeman
31:44 Husbandry
31:48 Padded Archer Armor
32:40 Gold Shaft Mining
34:11 Heavy Plow
34:22 Town Patrol
36:19 Wheelbarrow
38:49 Leather Archer Armor
41:21 Imperial Age
39:29 Scale Mail Armor
39:57 Ballistics
41:32 Heavy Cavalry Archer
42:42 Bracer
43:19 Conscription
43:31 Recurve Bow
44:10 Chain Mail Armor
44:27 Murder Holes
45:35 Chemistry
44:31 Murder Holes
45:43 Parthian Tactics
48:09 Hand Cart
49:46 Two-Man Saw
53:24 Ring Archer Armor
53:29 Corvinian Army
54:25 Light Cavalry
57:41 Hoardings
norf182
9:55 Feudal Age
9:41 Loom
11:04 Double-Bit Axe
15:13 Forging
15:39 Domestication
16:41 Scale Barding Armor
21:02 Castle Age
21:31 Light Cavalry
22:12 Husbandry
23:20 Pastoralism
26:20 Iron Casting
27:10 Chain Barding Armor
28:20 Gold Mining
33:44 Town Watch
36:18 Wheelbarrow
37:40 Hand Cart
40:13 Imperial Age
40:07 Fletching
40:15 Heavy Camel Rider
41:46 Plate Barding Armor
42:22 Elite Steppe Lancer
43:11 Bodkin Arrow
44:45 Conscription
44:34 Ordo Cavalry
45:56 Bracer
45:57 Padded Archer Armor
45:58 Scale Mail Armor
46:45 Hussar
49:33 Leather Archer Armor
49:33 Chain Mail Armor
51:42 Murder Holes
52:48 Chemistry
52:08 Ballistics
52:00 Masonry
51:30 Treadmill Crane
51:56 Siege Engineers
52:36 Lamellar Armor
53:08 Stone Mining
54:35 Plate Mail Armor
54:36 Ring Archer Armor
53:34 Pikeman
53:35 Elite Fire Lancer
54:20 Squires
Armando Esteban Quito
8:04 Loom
10:19 Feudal Age
12:20 Double-Bit Axe
21:26 Castle Age
19:32 Gold Mining
19:32 Stone Mining
21:14 Padded Archer Armor
24:00 Leather Archer Armor
23:38 Fletching
25:37 Bodkin Arrow
25:54 Forging
25:49 Scale Barding Armor
27:03 Bloodlines
26:54 Husbandry
31:04 Wheelbarrow
52:29 Imperial Age
51:10 Hand Cart
50:42 Town Watch
53:54 Cavalier
55:05 Bow Saw
54:40 Horse Collar
56:31 Iron Casting
56:01 Scale Barding Armor
yosgar
7:05 Loom
9:16 Feudal Age
14:18 Double-Bit Axe
20:09 Castle Age
25:08 Fletching
25:19 Padded Archer Armor
25:51 Husbandry
27:16 Bodkin Arrow
30:35 Bow Saw
30:43 Bloodlines
29:54 Light Cavalry
33:23 Leather Archer Armor
33:18 Forging
33:13 Scale Barding Armor
40:55 Thumb Ring
44:04 Wheelbarrow
45:24 Ballistics
49:19 Imperial Age
51:07 Bracer
52:20 Parthian Tactics
Maurizio il Brocco
5:37 Loom
9:17 Feudal Age
8:24 Double-Bit Axe
11:22 Bow Saw
21:29 Castle Age
19:26 Horse Collar
19:40 Gold Mining
21:22 Scale Barding Armor
21:28 Forging
21:36 Cavalier
22:16 Husbandry
28:22 Wheelbarrow
33:35 Squires
37:00 Chain Barding Armor
38:53 Burgundian Vineyards
38:55 Heavy Plow
41:22 Hand Cart
40:54 Town Watch
42:53 Gold Shaft Mining
44:50 Imperial Age
43:45 Fletching
43:58 Scale Mail Armor
45:07 Bodkin Arrow
45:48 Iron Casting
45:30 Elite Skirmisher
45:46 Paladin
47:03 Plate Barding Armor
47:43 Conscription
49:10 Chain Mail Armor
49:55 Blast Furnace
51:21 Bracer
55:01 Ballistics
54:23 Treadmill Crane
54:54 Masonry
PilgrimSoul
6:54 Loom
9:18 Feudal Age
10:46 Double-Bit Axe
10:47 Horse Collar
18:31 Castle Age
18:37 Crossbowman
22:07 Gold Mining
23:45 Fletching
24:03 Padded Archer Armor
25:42 Leather Archer Armor
28:53 Bodkin Arrow
30:30 Bow Saw
36:41 Gold Shaft Mining
36:54 Thumb Ring
39:46 Wheelbarrow
40:51 Hand Cart
40:21 Town Watch
51:20 Imperial Age
50:40 Town Patrol
52:15 Bracer
Connection lost

Rejoining the realm…

Still unreachable

The connection could not be restored.

Session expired

The server has moved on; the page needs a fresh start.